AoeStats
← xiscosb

Black Forest

508692617Analyzed
2v2 RM · 9d ago on Sep 23, 2026· 51m 23s· 4 players
Game mode
Random Map
Map size
Medium (4 player)
Population
200
Speed
Normal
Resources
Standard
Victory
Conquest
Starting age
Dark Age
Ending age
Imperial Age
RankedLock teamsTeams togetherTeam positionsShared explorationLock speedFull tech treeHidden civsTurbo modeCheats
Victory
Defeat
🇨🇳 Byzantines · China
860
+12
🇺🇸 Khmer · United States
851
+13
🇪🇸 Inca · Spain
820
-14
🇸🇪 Britons · Sweden
744
-11
xiscosb
0:26 Loom
11:41 Feudal Age
13:05 Wheelbarrow
12:23 Gold Mining
12:19 Double-Bit Axe
12:17 Horse Collar
20:45 Castle Age
20:54 Stone Mining
21:30 Heavy Plow
21:47 Bow Saw
21:09 Champi Runner
21:35 Arson
23:24 Stone Shaft Mining
23:25 Gold Shaft Mining
23:46 Gold Shaft Mining
25:16 Hand Cart
28:25 Imperial Age
26:41 Squires
26:01 Champi Warrior
27:57 Forging
27:38 Fletching
28:55 Town Watch
33:51 Iron Casting
33:44 Crossbowman
35:07 Town Patrol
34:58 Elite Champi Warrior
37:02 Thumb Ring
37:39 Bodkin Arrow
38:44 Blast Furnace
38:13 Capped Ram
39:18 Arbalester
40:21 Conscription
43:22 Blast Furnace
42:23 Scale Mail Armor
43:07 Pikeman
43:51 Bracer
44:29 Fabric Shields
45:06 Hoardings
46:16 Chemistry
45:37 Ballistics
44:59 Treadmill Crane
45:30 Masonry
45:20 Halberdier
47:02 Chain Mail Armor
46:47 Padded Archer Armor
46:47 Murder Holes
JustinZane
0:28 Loom
好歌剧
0:52 Loom
12:22 Feudal Age
12:59 Double-Bit Axe
17:26 Castle Age
23:28 Treadmill Crane
27:52 Bow Saw
32:46 Imperial Age
30:51 Wheelbarrow
30:00 Horse Collar
31:29 Heavy Plow
32:16 Stone Mining
32:16 Gold Mining
32:47 Hand Cart
33:50 Stone Shaft Mining
33:42 Ballistics
34:27 Chemistry
35:03 Crop Rotation
35:36 Two-Man Saw
35:14 Ballistics
34:58 Padded Archer Armor
34:48 Fletching
35:09 Forging
35:04 Scale Barding Armor
35:01 Scale Mail Armor
35:25 Conscription
35:52 Arson
36:10 Squires
35:57 Gambesons
35:36 Elite Skirmisher
36:22 Thumb Ring
37:39 Hoardings
37:09 Murder Holes
37:35 Leather Archer Armor
37:16 Bodkin Arrow
37:50 Chain Barding Armor
38:23 Husbandry
37:43 Cavalier
38:18 Elite Varangian Guard
40:48 Gold Shaft Mining
40:43 Logistica
40:02 Paladin
42:11 Plate Barding Armor
42:07 Ring Archer Armor
41:38 Bracer
42:57 Chain Mail Armor
43:20 Iron Casting
44:19 Logistica
45:04 Plate Mail Armor
44:00 Elite Cataphract
Leeeroy__Jenkins
0:29 Loom
12:38 Feudal Age
15:15 Double-Bit Axe
19:17 Castle Age
18:41 Horse Collar
19:59 Stone Mining
20:38 Bow Saw
21:39 Heavy Plow
28:48 Caravan
30:05 Gold Mining
33:29 Imperial Age
31:54 Fortified Wall
33:17 Gold Shaft Mining
35:18 Double Crossbow
37:36 Stone Shaft Mining
38:18 Ballistics
39:13 Husbandry
39:23 Bloodlines
38:34 Light Cavalry
39:21 Cavalier
40:51 Scale Barding Armor
40:57 Forging
41:43 Wheelbarrow
40:55 Town Watch
45:03 Chain Barding Armor
45:19 Iron Casting
47:46 Siege Engineers
48:16 Heavy Scorpion
52:40 Blast Furnace
52:15 Plate Barding Armor
Connection lost

Rejoining the realm…

Still unreachable

The connection could not be restored.

Session expired

The server has moved on; the page needs a fresh start.